 Dungeon Crawl Stone Soup version 0.19.5 (webtiles) character file.

88 tricornhat the Slasher (level 4, -2/37 HPs)
             Began as a Demonspawn Berserker on Mar 13, 2017.
             Was a Believer of Trog.
             Killed by nerve-wracking pain
             ... invoked by Jessica
              (5 damage)
             ... on level 3 of the Dungeon.
             The game lasted 00:12:17 (1675 turns).

tricornhat the Slasher (Demonspawn Berserker)       Turns: 1675, Time: 00:12:18

Health: -2/37      AC: 15    Str: 17    XL:     4   Next: 30%
Magic:  0/4        EV:  8    Int:  9    God:    Trog [**....]
Gold:   54         SH:  0    Dex: 13    Spells: 0 memorised, 3 levels left

rFire  . . .     SeeInvis .     a - +0 falchion
rCold  . . .     Gourm    .     f - +0 plate armour
rNeg   . . .     Faith    .     (no shield)
rPois  .         Spirit   +     (no helmet)
rElec  .         Reflect  .     l - +1 cloak
rCorr  .         Harm     .     (no gloves)
MR     .....                    (no boots)
Stlth  ..........               (no amulet)
                                o - +3 ring of evasion
                                e - +2 ring of protection

@: no status effects
A: powered by death 1, magic shield
a: Berserk, Trog's Hand, Burn Spellbooks, Renounce Religion


You were on level 3 of the Dungeon.
You worshipped Trog.
Trog was pleased with you.
You were not hungry.

You visited 1 branch of the dungeon, and saw 3 of its levels.

You collected 54 gold pieces.

Inventory:

Hand Weapons
 a - a +0 falchion (weapon)
Armour
 b - a +0 animal skin
 f - a +0 plate armour (worn)
 l - a +1 cloak (worn)
 m - a +0 cloak
Jewellery
 e - a +2 ring of protection (left hand)
 o - a +3 ring of evasion (right hand)
Scrolls
 h - a scroll of noise {unknown}
 i - a scroll of amnesia {unknown}
 j - 2 scrolls of recharging {unknown}
 k - a scroll of remove curse {unknown}
 n - a scroll of blinking {unknown}
Comestibles
 c - 2 bread rations
 p - a meat ration


   Skills:
 + Level 3.7 Fighting
 * Level 3.8 Long Blades
 * Level 2.1 Armour
 + Level 2.1 Dodging


You had 3 spell levels left.
You didn't know any spells.

Dungeon Overview and Level Annotations

Branches:
Dungeon (3/15)

Altars:
Sif Muna
Xom

Annotations:
D:3 Jessica


Innate Abilities, Weirdness & Mutations

You regenerate a little health from kills.
When hurt, damage is shared between your health and your magic reserves.


Message History

You hit Jessica but do no damage.
Jessica is heavily wounded.
Jessica barely misses you.
You closely miss Jessica.
Jessica is heavily wounded.
Jessica mumbles some strange words.
Jessica seems to speed up.
Jessica hits you but does no damage.
You hit Jessica.
Jessica is almost dead.
Jessica casts a spell at you. Pain shoots through your body!
* * * LOW HITPOINT WARNING * * *
You closely miss Jessica.
Jessica is almost dead.
Jessica completely misses you. Jessica hits you but does no damage.
You closely miss Jessica.
Jessica is almost dead.
Jessica points at you and mumbles some strange words.
Pain shoots through your body!
You die...

#..
#.#
#.#
#.#
#.#
#)#
#.#
#.#
#@#
#@#
#.#
#..
#..
#...
#...
#####


You could see Jessica.

Vanquished Creatures
  3 adders
  An ooze (D:1)
  2 worms (D:2)
  A dart slug (D:3)
  3 orcs (D:3)
  3 giant cockroaches
  5 hobgoblins
  4 jackals (D:1)
  9 kobolds
  2 bats (D:1)
  3 frilled lizards
  4 goblins
  5 rats
45 creatures vanquished.

Notes
Turn   | Place    | Note
-------+----------+-------------------------------------------
     0 | D:1      | tricornhat the Demonspawn Berserker began the quest for the Orb.
     0 | D:1      | Reached XP level 1. HP: 18/18 MP: 1/1
   159 | D:1      | Gained mutation: You regenerate a little health from kills. [demonic ancestry]
   159 | D:1      | Reached XP level 2. HP: 18/24 MP: 2/2
   534 | D:1      | Gained mutation: When hurt, damage is shared between your health and your magic reserves. [demonic ancestry]
   534 | D:1      | Reached XP level 3. HP: 21/29 MP: 3/3
   731 | D:2      | Reached ** piety under Trog
   796 | D:2      | Found a faded altar of an unknown god.
   796 | D:2      | Found a deep blue altar of Sif Muna.
   801 | D:2      | Found a faded altar of an unknown god.
   804 | D:2      | Found a faded altar of an unknown god.
   805 | D:2      | Found a faded altar of an unknown god.
  1279 | D:2      | Found a shimmering altar of Xom.
  1280 | D:2      | Found a shimmering altar of Xom.
  1447 | D:2      | Found a shimmering altar of Xom.
  1517 | D:3      | Reached XP level 4. HP: 37/37 MP: 4/4
  1541 | D:3      | Noticed Jessica
  1675 | D:3      | Killed from afar by Jessica

Skill      XL: |  1  2  3 |
---------------+----------+-----
Dodging        | 2 |  2.1
Long Blades    | 3 |  3.8
Armour         | 2 |  2.1
Fighting       | |  3.7

Action                   |  1- 3 |  4- 6 || total
-------------------------+-------+-------++-------
Melee: Falchion          |   170 |    45 ||   215
  Use: Potion            |     1 |     1 ||     2
       Scroll            |       |     4 ||     4
  Eat: Beef jerky        |     2 |       ||     2
Armor: Plate armour      |   134 |    56 ||   190
Dodge: Dodged            |    63 |    17 ||    80
       Rpst.: Falchion   |    23 |     5 ||    28
